 Dungeon Crawl Stone Soup version 0.31.0-32-g396128a36d (webtiles) character file.

Game seed: 5121552090429831750

13816 MisterFreud the Nimble (level 11, -7/93 (94) HPs)
             Began as a Felid Berserker on Apr 1, 2024.
             Was a High Priest of Trog.
             Mangled by a cyan very ugly thing (23 damage)
             ... on level 9 of the Dungeon.
             The game lasted 00:11:35 (7995 turns).

MisterFreud the Nimble (Felid Berserker)            Turns: 7995, Time: 00:11:36

HP:   -7/93 (94)    AC:  2    Str: 13    XL:     11   Next: 80%
MP:   12/12         EV: 32    Int: 10    God:    Trog [*****.]
Gold: 481           SH:  0    Dex: 27    Spells: 10/10 levels left
                                        Lives: 0   Deaths: 3

rFire   . .          .
                       - Unarmed
rCold   . . .        (shield unavailable)
rNeg    . . .        (body armour unavailable)
rPois   .            (helmet unavailable)
rElec   .            (cloak unavailable)
rCorr   .            (gloves unavailable)
SInv    +            (boots unavailable)
Will    +....        n - amulet of regeneration Stlth
                     m - +4 ring of slaying
HPRegen 1.15/turn    c - +6 ring of dexterity
MPRegen 0.13/turn

%: no passive effects
@: berserking, lightly drained, very quick
A: very small, claws 1, fangs 3, see invisible, shaggy fur 2, stealthy paws, no
weapons or thrown items, no armour, multi-lived
a: Renounce Religion, Berserk, Trog's Hand, Brothers in Arms


You were on level 9 of the Dungeon.
You worshipped Trog.
Trog was extremely pleased with you.
You visited 1 branch of the dungeon, and saw 9 of its levels.
You also visited: Sewer.

You collected 481 gold pieces.

Inventory:

Jewellery
 c - a +6 ring of dexterity (right paw)
 e - a ring of resist corrosion
 i - a ring of positive energy
 k - a ring of fire
 l - a ring of ice
 m - a +4 ring of slaying (left paw)
 n - an amulet of regeneration (around neck)
 r - a ring of flight
 u - a ring of magical power
 w - an amulet of the acrobat
 y - a ring of protection from cold
 z - the Hermit's Pendant {Faith Invo=14 Evo=0 MP+5}
   (You found it on level 8 of the Dungeon)

   [amulet of faith]

   Invo=14: It sets your Invocations skill to 14.
   Evo=0: It sets your Evocations skill to 0.
   Faith:     It allows you to gain divine favour quickly.
   MP+5:      It affects your magic capacity (+5).
Wands
 b - a wand of flame (35)
 t - a wand of charming (9)
 A - a wand of acid (10)
Scrolls
 g - 2 scrolls of fear
 p - 3 scrolls of teleportation
 q - 3 scrolls of revelation
Potions
 a - 4 potions of haste
 d - a potion of attraction
 f - 2 potions of cancellation
 h - a potion of mutation
 j - a potion of brilliance
 o - 2 potions of lignification
 s - a potion of enlightenment {unknown}
 v - a potion of curing {unknown}


   Skills:
 - Level 10.0 Fighting
 + Level 12.8 Dodging
 + Level 11.2 Stealth
 + Level 10.6 Unarmed Combat
 - Level 6.0 Evocations


You had 10 spell levels left.
You didn't know any spells.
Your spell library was empty.

Dungeon Overview and Level Annotations

Branches:
Dungeon (9/15)             Temple (0/1) D:4            Lair (0/5) D:8
  Sewer (visited)
    Orc: D:9-12

Altars:
Elyvilon
Fedhas
Gozag
Okawaru
Qazlal
Sif Muna
Uskayaw
Vehumet
Wu Jian
Xom

Annotations:
D:3 3 runed translucent doors, Drachta's ghost, amateur GnCA; Nogual's ghost, amateur GrHu; Tuss's ghost, amateur HuFi; diceflayer's ghost, amateur MiFi
D:9 2 transporters, Hemera's ghost, journeyman TrFi


Innate Abilities, Weirdness & Mutations

You have sharp claws.
You have razor-sharp teeth.
You have supernaturally acute eyesight. (SInv)
You are covered in thick fur. (AC +2)
Your paws help you pounce on unaware monsters.
You are incapable of wielding weapons or throwing items.
You cannot wear armour.
You gain extra lives every three experience levels.


Message History

The wight is lightly damaged.
The wight throws a stone.
The stone hits you but does no damage. The wight hits you with a +0 spear.
You feel drained.
You claw the wight!
The wight is severely damaged.
You scratch the wight.
You destroy the wight!
Trog accepts your kill.
Your life force feels restored.
The cyan very ugly thing closely misses you.
The wight hits you with a +3 short sword.
You feel drained.
A red film seems to cover your vision as you go berserk!
You feel yourself moving faster!
You feel mighty! The cyan very ugly thing pecks you!
The cyan very ugly thing shocks you!! The wight completely misses you.
You scratch the cyan very ugly thing.
Your bite misses the cyan very ugly thing.
The cyan very ugly thing is lightly wounded.
The cyan very ugly thing barely misses you.
The wight completely misses you.
You claw the cyan very ugly thing!
The cyan very ugly thing is lightly wounded.
The cyan very ugly thing completely misses you.
You closely miss the cyan very ugly thing.
The cyan very ugly thing is lightly wounded.
The wight barely misses you.
You barely miss the cyan very ugly thing.
The cyan very ugly thing is lightly wounded.
The cyan very ugly thing pecks you!! The cyan very ugly thing shocks you!!
* * * LOW HITPOINT WARNING * * *
You hear a shout!
You claw the cyan very ugly thing! You bite the cyan very ugly thing!
The cyan very ugly thing is moderately wounded.
The wight closely misses you.
A gnoll bouda comes into view. It is wielding a +0 club.
You claw the cyan very ugly thing!
The cyan very ugly thing is moderately wounded.
The cyan very ugly thing pecks you!!
You die...

..#♣...♣♣♣.♣)P♣♣)...≈≈≈.♣♣...♣#..
..#........≈~≈P♣.♣.♣.~~.......#..
..#♣...♣#♣P......♣.♣).♣♣♣♣...♣#..
..#♣♣.♣♣ ♣♣♣♣♣♣♣.♣♣♣♣♣♣ ♣♣.♣♣#..
..# #.# ### ######### #.# #..
..#♣♣.♣♣ ...##.##..†.♣ ♣♣.♣♣#..
..#♣...♣#♣♣♣.#.:...#)♣♣♣#♣)♣.♣#..
..#..........#.z8.)#††....♣♣♣.#..
..#♣...♣#♣♣♣.#.u@..#)♣♣♣#♣)♣.♣#..
..#♣♣.♣♣ ♣...g##.##....♣ ♣♣.♣♣#..
..# #.# ###################.###..
..#♣♣.♣♣♣.♣.♣.♣♣.♣♣.♣.♣.♣.....#..
..#♣...♣♣♣.♣.♣.♣.♣)♣.♣.♣♣.♣♣♣.#..
..#.......♣.♣.♣)..♣.♣.♣...♣ ♣.#..
>.#♣...♣♣♣.♣.♣.♣.♣[♣.♣.♣♣.♣♣♣(#..
#.#♣♣.♣♣♣.♣.♣.♣♣.♣♣.♣.♣.♣.....#..
#.#############...#############..


You could see a cyan very ugly thing, a gnoll bouda and a wight.

Vanquished Creatures
  A hydra (D:9)
  A tengu warrior (D:9)
  5 two-headed ogres
  Pikel (D:3)
  An ugly thing (D:8)
  A manticore (D:9)
  An elephant (D:7)
  2 trolls (D:9)
  A shadow (D:9)
  14 yaks
  3 wyverns (D:9)
  2 basilisks (D:8)
  4 water moccasins
  5 sky beasts
  Pargi (Sewer)
  4 ice beasts
  4 orc warriors
  3 centaurs
  3 ogres (D:5)
  A lemure (D:3)
  A phantom (D:4)
  4 kobold brigands
  6 bullfrogs
  A brain worm (Sewer)
  3 gnoll sergeants
  6 wights
  6 killer bees (D:9)
  2 bombardier beetles
  A howler monkey (D:5)
  3 hounds
  A gnoll bouda (D:4)
  3 orc priests
  4 jellies
  6 iguanas
  6 orc wizards
  13 gnolls
  3 adders
  9 river rats (D:5)
  A shadow imp (D:6)
  A white imp (D:6)
  A dart slug (D:5)
  3 ribbon worms
  26 orcs
  22 bats
  6 endoplasms
  8 giant cockroaches
  8 goblins
  6 hobgoblins
  4 jackals (D:1)
  10 quokkas
  8 ball pythons
  14 kobolds
  20 rats
274 creatures vanquished.

Notes
Turn   | Place    | Note
-------+----------+-------------------------------------------
     0 | D:1      | MisterFreud the Felid Berserker began the quest for the
                  | Orb.
     0 | D:1      | Reached XP level 1. HP: 12/12 MP: 2/2
   125 | D:1      | Reached skill level 1 in Stealth
   291 | D:1      | Reached XP level 2. HP: 16/16 MP: 3/3
   527 | D:1      | Reached ** piety under Trog
   554 | D:1      | Found a faded altar of an unknown god.
   821 | D:2      | Reached XP level 3. HP: 20/20 MP: 4/4
   929 | D:2      | Reached XP level 4. HP: 24/24 MP: 5/5
   929 | D:2      | Gained a life (2 lives remaining)
  1225 | D:2      | Identified the +1 ring mail of Fiyq {+Inv rF++ Regen+
                  | Stlth-}
  1533 | D:3      | Found a runed translucent gate.
  1534 | D:3      | Found a runed translucent gate.
  1534 | D:3      | Found a runed translucent gate.
  1609 | D:3      | Killed from afar by an orc priest
  1609 | D:3      | Lost a life (1 life remaining)
  1615 | D:3      | Noticed Tuss's ghost (amateur HuFi)
  1616 | D:3      | Noticed Drachta's ghost (amateur GnCA)
  1616 | D:3      | Noticed Nogual's ghost (amateur GrHu)
  1616 | D:3      | Noticed diceflayer's ghost (amateur MiFi)
  1901 | D:3      | Found a glowing drain.
  1911 | Sewer    | Entered a sewer
  1931 | Sewer    | Noticed a brain worm
  1947 | Sewer    | Reached *** piety under Trog
  1951 | Sewer    | Killed a brain worm
  1952 | Sewer    | Reached skill level 5 in Stealth
  1952 | Sewer    | Reached XP level 5. HP: 28/28 MP: 4/6
  1982 | Sewer    | Noticed Pargi
  2008 | Sewer    | Killed Pargi
  2009 | Sewer    | Reached skill level 5 in Unarmed Combat
  2009 | Sewer    | Gained mutation: You are covered in thick fur. (AC +2)
                  | [Felid growth]
  2009 | Sewer    | Reached XP level 6. HP: 31/32 MP: 7/7
  2473 | D:4      | Noticed Pikel
  2567 | D:3      | Killed Pikel
  2568 | D:3      | Reached skill level 8 in Dodging
  2568 | D:3      | Reached XP level 7. HP: 21/36 MP: 8/8
  2568 | D:3      | Gained a life (2 lives remaining)
  2691 | D:4      | Reached skill level 9 in Dodging
  2691 | D:4      | Reached XP level 8. HP: 19/40 MP: 9/9
  2725 | D:5      | Entered Level 5 of the Dungeon
  2891 | D:4      | Found a staircase to the Ecumenical Temple.
  3234 | D:5      | Reached skill level 10 in Dodging
  3549 | D:5      | Reached skill level 11 in Dodging
  3664 | D:5      | Reached skill level 12 in Dodging
  3758 | D:5      | Found a blossoming altar of Fedhas.
  3987 | D:5      | Reached **** piety under Trog
  4195 | D:5      | Found a hide-covered altar of Uskayaw.
  4203 | D:5      | Found a radiant altar of Vehumet.
  4404 | D:6      | Reached XP level 9. HP: 45/45 MP: 10/10
  5269 | D:7      | Found a stormy altar of Qazlal.
  5269 | D:7      | Found an ornate altar of the Wu Jian Council.
  5277 | D:7      | Reached skill level 5 in Fighting
  5511 | D:7      | Found an iron altar of Okawaru.
  5881 | D:8      | Noticed a two-headed ogre
  5888 | D:8      | Killed a two-headed ogre
  5889 | D:8      | Reached XP level 10. HP: 53/53 MP: 11/11
  5923 | D:8      | Found a staircase to the Lair.
  5923 | D:8      | Noticed an elephant
  5956 | D:7      | Killed an elephant
  5957 | D:7      | Reached skill level 10 in Stealth
  6202 | D:8      | Found a shimmering blue altar of Sif Muna.
  6374 | D:8      | Noticed a brown ugly thing
  6376 | D:8      | Found a faded altar of an unknown god.
  6376 | D:8      | Found the Hermit's Pendant {Faith Invo=14 Evo=0 MP+5}
  6389 | D:8      | Killed a brown ugly thing
  6568 | D:8      | Reached ***** piety under Trog
  6690 | D:9      | Reached skill level 10 in Unarmed Combat
  6750 | D:9      | Reached skill level 1 in Evocations
  6773 | D:9      | Found an opulent altar of Gozag.
  6912 | D:9      | Found a transporter.
  6914 | D:9      | Found a transporter.
  7080 | D:9      | Noticed Hemera's ghost (journeyman TrFi)
  7107 | D:9      | Noticed a two-headed ogre
  7119 | D:9      | Killed a two-headed ogre
  7120 | D:9      | Reached XP level 11. HP: 60/60 MP: 12/12
  7177 | D:9      | Noticed a two-headed ogre
  7179 | D:9      | Noticed a two-headed ogre
  7181 | D:9      | Killed a two-headed ogre
  7183 | D:9      | Killed a two-headed ogre
  7185 | D:9      | Reached skill level 5 in Evocations
  7223 | D:9      | Noticed a two-headed ogre
  7225 | D:9      | Killed a two-headed ogre
  7357 | D:9      | Found a white marble altar of Elyvilon.
  7371 | D:9      | Found a shimmering altar of Xom.
  7504 | D:9      | Reached skill level 10 in Fighting
  7819 | D:9      | Noticed a tengu warrior
  7832 | D:9      | Killed a tengu warrior
  7836 | D:9      | Noticed a six-headed hydra
  7842 | D:9      | Slain by a six-headed hydra
  7842 | D:9      | Lost a life (1 life remaining)
  7936 | D:9      | Killed a six-headed hydra
  7943 | D:9      | Slain by a troll
  7943 | D:9      | Lost a life (0 lives remaining)
  7982 | D:9      | Noticed a cyan very ugly thing
  7995 | D:9      | Mangled by a cyan very ugly thing

Illustrated notes

Levels and vault maps discovered:
D:1:      dpeg_arrival_ternary, layout_loops_ring,
          shapermc_ecumenical_altar_mp_highgroup
D:2:      layout_basic
D:3:      minmay_spotlight, layout_basic, gammafunk_ghost_cemetery,
          cheibrodos_sewer_entry_sluice
D:4:      layout_rooms, minmay_temple_entry_ruins, grunt_decor_fettered,
          uniq_pikel
D:5:      lemuel_ratsnest, layout_cave_pools,
          mainiacjoe_overflow_concentric_impassable,
          mainiacjoe_overflow_big_doors, roderic_batcave,
          serial_library_hellmonk_hallway_b
D:6:      layout_cave_pods
D:7:      layout_loops_cross, marbit_many_paths, gammafunk_temple_overflow_pools
D:8:      layout_cave_pools, mainiacjoe_overflow_alcove_2, david_lair_generic,
          minivault_11, hellmonk_guarded_unrand_hermit
D:9:      nzn_winding_woodlands_medium [nzn_winding_woodlands_5x5_perimeter,
          nzn_winding_woodlands_5x15_split_checker,
          nzn_winding_woodlands_5x5_default,
          nzn_winding_woodlands_5x5_closed_star,
          nzn_winding_woodlands_center_pierced_h,
          nzn_winding_woodlands_5x5_default,
          nzn_winding_woodlands_5x5_open_star,
          nzn_winding_woodlands_5x15_pathside_ponds,
          nzn_winding_woodlands_5x5_default], layout_basic,
          lemuel_crystal_altar, lemuel_doored_altar,
          mainiacjoe_overflow_surrounded_room, gammafunk_ghost_hive

Skill      XL: |  1  2  3  4  5  6  7  8  9 10 11 |
---------------+----------------------------------+-----
Stealth        | 1 2 3 5 6 9 10 11 | 11.2
Unarmed Combat | 4 5 6 8 10 | 10.6
Dodging        | 8 9 12 | 12.8
Fighting       | 6 8 10 | 10.0
Evocations     | 3 6 |  6.0

Action                     |  1- 3 |  4- 6 |  7- 9 | 10-12 || total
---------------------------+-------+-------+-------+-------++-------
  Melee: Unarmed           |    67 |   139 |   362 |   334 ||   902
         Bite              |     2 |    15 |    45 |    49 ||   111
         Punch             |     2 |     6 |    14 |    25 ||    47
 Invoke: Berserk           |       |     3 |     3 |     7 ||    13
         Trog's Hand       |       |       |     1 |     2 ||     3
    Use: Scroll            |     2 |     6 |     8 |     1 ||    17
         Potion            |       |       |     1 |       ||     1
   Stab: Sleeping          |     9 |     9 |    15 |    18 ||    51
         Distracted        |       |     2 |       |       ||     2
 Armour: Skin              |    16 |    50 |    60 |    89 ||   215
  Dodge: Dodged            |    46 |   140 |   342 |   373 ||   901
